SL
NORTHERN VIRGINIA RETRIEVERS @ THUNDER BAY NORTHERN LIONS BC
07/03/2023
 
TOP OF THE 1ST
Northern Virginia Retrievers batting - Pitching for Thunder Bay Northern Lions BC : RHP Ramón Ortega
Pitching: RHP Ramón Ortega
Batting: LHB Roberto Salazar 0-0: Ground out 6-3 (Groundball, 6M)
Batting: LHB Chad Armstrong 0-0: Ground out U3 (Groundball, 3)
Batting: RHB Bob Heller 0-0: Ball
1-0: Ball
2-0: Ball
3-0: Base on Balls
Batting: LHB Bartolo Benítez 0-0: Foul Ball, location: 2F
0-1: Ball
1-1: Called Strike
1-2: Ball
2-2: Foul Ball, location: 2F
2-2: Foul Ball, location: 2F
2-2: Strikes out swinging
Top of the 1st over - 0 run(s), 0 hit(s), 0 error(s), 1 left on base; Northern Virginia 0 - Thunder Bay 0
BOTTOM OF THE 1ST
Thunder Bay Northern Lions BC batting - Pitching for Northern Virginia Retrievers : RHP Cole Hall
Pitching: RHP Cole Hall
Batting: RHB Jonathan Cook 0-0: Ball
1-0: Fly out, F7 (Flyball, 78M)
Batting: RHB Keith Fish 0-0: Ball
1-0: Called Strike
1-1: Foul Ball, location: 2F
1-2: Fly out, F4 (Line Drive, 4M)
Batting: LHB David Smith 0-0: Ball
1-0: Ball
2-0: SOLO HOME RUN (Flyball, 9D), Distance : 345 ft
Batting: SHB Carlos Rodríguez 0-0: SINGLE (Flyball, 6MD)
Batting: LHB Pancho García 0-0: Ball
1-0: Ball
2-0: Ball
3-0: Base on Balls
Carlos Rodríguez to second
Batting: RHB Robert O'Connor 0-0: Swinging Strike
0-1: Fly out, F9 (Flyball, 9LM)
Bottom of the 1st over - 1 run(s), 2 hit(s), 0 error(s), 2 left on base; Northern Virginia 0 - Thunder Bay 1
TOP OF THE 2ND
Northern Virginia Retrievers batting - Pitching for Thunder Bay Northern Lions BC : RHP Ramón Ortega
Batting: RHB Teruo Nakayama 0-0: Swinging Strike
0-1: Swinging Strike
0-2: Strikes out looking
Batting: SHB Ramiro Salazar 0-0: Foul Ball, location: 2F
0-1: Foul Ball, location: 2F
0-2: Strikes out swinging
Batting: LHB Francisco Ornelas 0-0: Foul Ball, location: 2F
0-1: Ball
1-1: Called Strike
1-2: Foul Ball, location: 2F
1-2: Foul Ball, location: 2F
1-2: Ground out 6-3 (Groundball, 6)
Top of the 2nd over - 0 run(s), 0 hit(s), 0 error(s), 0 left on base; Northern Virginia 0 - Thunder Bay 1
BOTTOM OF THE 2ND
Thunder Bay Northern Lions BC batting - Pitching for Northern Virginia Retrievers : RHP Cole Hall
Batting: LHB Mike Blue 0-0: Fly out, F7 (Flyball, 7M)
Batting: RHB Ed Whitaker 0-0: Ball
1-0: Foul Ball, location: 2F
1-1: Ball
2-1: Ball
3-1: Foul Ball, location: 2F
3-2: SINGLE (Line Drive, 6MD)
Batting: LHB Curtis Peters 0-0: Fly out, F6 (Popup, 6MD)
Batting: RHB Jonathan Cook 0-0: Foul Ball, location: 2F
0-1: Ball
1-1: Foul Ball, location: 2F
1-2: Fly out, F8 (Flyball, 78XD)
Bottom of the 2nd over - 0 run(s), 1 hit(s), 0 error(s), 1 left on base; Northern Virginia 0 - Thunder Bay 1
TOP OF THE 3RD
Northern Virginia Retrievers batting - Pitching for Thunder Bay Northern Lions BC : RHP Ramón Ortega
Batting: SHB Gustavo Fuentes 0-0: Ball
1-0: Called Strike
1-1: Foul Ball, location: 2F
1-2: Ground out 1-3 (Groundball, 13S)
Batting: LHB Munemori Ohara 0-0: Called Strike
0-1: Swinging Strike
0-2: Ball
1-2: DOUBLE (Line Drive, 9LM)
Batting: LHB Roberto Salazar 0-0: Ball
1-0: Ground out 6-3 (Groundball, 6)
Munemori Ohara to third
Batting: LHB Chad Armstrong 0-0: Ball
1-0: Swinging Strike
1-1: Foul Ball, location: 2F
1-2: Ball
2-2: Ball
3-2: Strikes out looking
Top of the 3rd over - 0 run(s), 1 hit(s), 0 error(s), 1 left on base; Northern Virginia 0 - Thunder Bay 1
BOTTOM OF THE 3RD
Thunder Bay Northern Lions BC batting - Pitching for Northern Virginia Retrievers : RHP Cole Hall
Batting: RHB Keith Fish 0-0: Called Strike
0-1: Ball
1-1: Ball
2-1: DOUBLE (Line Drive, 5L)
Batting: LHB David Smith 0-0: Swinging Strike
0-1: Ball
1-1: Fly out, F8 (Flyball, 8RS)
Batting: SHB Carlos Rodríguez 0-0: Ground out 4-3 (Groundball, 34)
Keith Fish to third
Batting: LHB Pancho García 0-0: Called Strike
0-1: Ball
1-1: Ball
2-1: Ground out 6-3 (Groundball, 6S)
Bottom of the 3rd over - 0 run(s), 1 hit(s), 0 error(s), 1 left on base; Northern Virginia 0 - Thunder Bay 1
TOP OF THE 4TH
Northern Virginia Retrievers batting - Pitching for Thunder Bay Northern Lions BC : RHP Ramón Ortega
Batting: RHB Bob Heller 0-0: Called Strike
0-1: Swinging Strike
0-2: Strikes out swinging
Batting: LHB Bartolo Benítez 0-0: Called Strike
0-1: Ball
1-1: Swinging Strike
1-2: Ball
2-2: Strikes out looking
Batting: RHB Teruo Nakayama 0-0: Foul Ball, location: 2F
0-1: Called Strike
0-2: Foul Ball, location: 2F
0-2: Ball
1-2: Strikes out swinging
Top of the 4th over - 0 run(s), 0 hit(s), 0 error(s), 0 left on base; Northern Virginia 0 - Thunder Bay 1
BOTTOM OF THE 4TH
Thunder Bay Northern Lions BC batting - Pitching for Northern Virginia Retrievers : RHP Cole Hall
Batting: RHB Robert O'Connor 0-0: Called Strike
0-1: Ball
1-1: Ball
2-1: Foul Ball, location: 2F
2-2: Strikes out swinging
Batting: LHB Mike Blue 0-0: Ball
1-0: Foul Ball, location: 2F
1-1: Fly out, F9 (Flyball, 89M)
Batting: RHB Ed Whitaker 0-0: Ball
1-0: Called Strike
1-1: Foul Ball, location: 2F
1-2: Foul Ball, location: 2F
1-2: Fly out, F8 (Line Drive, 8LS)
Bottom of the 4th over - 0 run(s), 0 hit(s), 0 error(s), 0 left on base; Northern Virginia 0 - Thunder Bay 1
TOP OF THE 5TH
Northern Virginia Retrievers batting - Pitching for Thunder Bay Northern Lions BC : RHP Ramón Ortega
Batting: SHB Ramiro Salazar 0-0: Foul Ball, location: 2F
0-1: Called Strike
0-2: Strikes out swinging
Batting: LHB Francisco Ornelas 0-0: Foul Ball, location: 2F
0-1: Foul Ball, location: 2F
0-2: Strikes out swinging
Batting: SHB Gustavo Fuentes 0-0: Foul Ball, location: 2F
0-1: Swinging Strike
0-2: Ball
1-2: Foul Ball, location: 2F
1-2: Strikes out swinging
Top of the 5th over - 0 run(s), 0 hit(s), 0 error(s), 0 left on base; Northern Virginia 0 - Thunder Bay 1
BOTTOM OF THE 5TH
Thunder Bay Northern Lions BC batting - Pitching for Northern Virginia Retrievers : RHP Cole Hall
Batting: LHB Curtis Peters 0-0: Ball
1-0: Fly out, F4 (Line Drive, 4)
Batting: RHB Jonathan Cook 0-0: Ground out 5-3 (Groundball, 5)
Batting: RHB Keith Fish 0-0: Called Strike
0-1: Ground out U3 (Groundball, 3L)
Bottom of the 5th over - 0 run(s), 0 hit(s), 0 error(s), 0 left on base; Northern Virginia 0 - Thunder Bay 1
TOP OF THE 6TH
Northern Virginia Retrievers batting - Pitching for Thunder Bay Northern Lions BC : RHP Ramón Ortega
Batting: LHB Munemori Ohara 0-0: Foul Ball, location: 2F
0-1: Called Strike
0-2: Ball
1-2: Strikes out looking
Batting: LHB Roberto Salazar 0-0: Ball
1-0: Ball
2-0: Called Strike
2-1: Fly out, F8 (Flyball, 8RM)
Batting: LHB Chad Armstrong 0-0: Ball
1-0: Called Strike
1-1: Ball
2-1: Foul Ball, location: 2F
2-2: Ball
3-2: Ground out U3 (Groundball, 3)
Top of the 6th over - 0 run(s), 0 hit(s), 0 error(s), 0 left on base; Northern Virginia 0 - Thunder Bay 1
BOTTOM OF THE 6TH
Thunder Bay Northern Lions BC batting - Pitching for Northern Virginia Retrievers : RHP Cole Hall
Batting: LHB David Smith 0-0: Ball
1-0: Called Strike
1-1: Ball
2-1: Ball
3-1: Base on Balls
Batting: SHB Carlos Rodríguez 0-0: Called Strike
0-1: Swinging Strike
0-2: Foul Ball, location: 2F
0-2: Foul Ball, location: 2F
0-2: Ground out 5-3 (Groundball, 56S)
David Smith to second
Batting: LHB Pancho García 0-0: Fly out, F2 (Popup, 2RF)
Batting: RHB Robert O'Connor 0-0: Called Strike
0-1: Called Strike
0-2: Ball
1-2: Ball
2-2: Fly out, F8 (Flyball, 8RD)
Bottom of the 6th over - 0 run(s), 0 hit(s), 0 error(s), 1 left on base; Northern Virginia 0 - Thunder Bay 1
TOP OF THE 7TH
Northern Virginia Retrievers batting - Pitching for Thunder Bay Northern Lions BC : RHP Ramón Ortega
Batting: RHB Bob Heller 0-0: Ball
1-0: Called Strike
1-1: Ball
2-1: Foul Ball, location: 2F
2-2: Strikes out swinging
Batting: LHB Bartolo Benítez 0-0: Ball
1-0: Ball
2-0: Called Strike
2-1: Swinging Strike
2-2: Ball
3-2: Base on Balls
Batting: RHB Teruo Nakayama 0-0: Called Strike
0-1: Called Strike
0-2: Foul Ball, location: 2F
0-2: SINGLE (Groundball, 56D)
Bartolo Benítez to second
Batting: SHB Ramiro Salazar 0-0: Called Strike
0-1: Swinging Strike
0-2: Strikes out looking
Batting: LHB Francisco Ornelas 0-0: Foul Ball, location: 2F
0-1: Ball
1-1: Fielders Choice at 2nd, U6 (Groundball, 6M)
Top of the 7th over - 0 run(s), 1 hit(s), 0 error(s), 2 left on base; Northern Virginia 0 - Thunder Bay 1
BOTTOM OF THE 7TH
Thunder Bay Northern Lions BC batting - Pitching for Northern Virginia Retrievers : RHP Cole Hall
Batting: LHB Mike Blue 0-0: Ball
1-0: Called Strike
1-1: Called Strike
1-2: Foul Ball, location: 2F
1-2: Ground out 4-3 (Groundball, 4)
Batting: RHB Ed Whitaker 0-0: Ball
1-0: Ball
2-0: Ball
3-0: Base on Balls
Batting: LHB Curtis Peters 0-0: Called Strike
0-1: Fly out, F5 (Popup, 25F)
Batting: RHB Jonathan Cook 0-0: Ball
1-0: Called Strike
1-1: Called Strike
1-2: Foul Ball, location: 2F
1-2: Strikes out swinging
Bottom of the 7th over - 0 run(s), 0 hit(s), 0 error(s), 1 left on base; Northern Virginia 0 - Thunder Bay 1
TOP OF THE 8TH
Northern Virginia Retrievers batting - Pitching for Thunder Bay Northern Lions BC : RHP Ramón Ortega
Batting: SHB Gustavo Fuentes 0-0: Ball
1-0: Ground out 6-3 (Groundball, 6)
Batting: LHB Munemori Ohara 0-0: Fly out, F8 (Flyball, 78M)
Batting: LHB Roberto Salazar 0-0: Ground out 1-3 (Groundball, 13S)
Top of the 8th over - 0 run(s), 0 hit(s), 0 error(s), 0 left on base; Northern Virginia 0 - Thunder Bay 1
BOTTOM OF THE 8TH
Thunder Bay Northern Lions BC batting - Pitching for Northern Virginia Retrievers : RHP Cole Hall
Batting: RHB Keith Fish 0-0: Ball
1-0: Swinging Strike
1-1: Swinging Strike
1-2: Ball
2-2: Strikes out swinging
Batting: LHB David Smith 0-0: Ball
1-0: Ball
2-0: Called Strike
2-1: Fly out, F8 (Flyball, 8LM)
Batting: SHB Carlos Rodríguez 0-0: Ground out 4-3 (Groundball, 34)
Bottom of the 8th over - 0 run(s), 0 hit(s), 0 error(s), 0 left on base; Northern Virginia 0 - Thunder Bay 1
TOP OF THE 9TH
Northern Virginia Retrievers batting - Pitching for Thunder Bay Northern Lions BC : RHP Ramón Ortega
Batting: LHB Chad Armstrong 0-0: Ball
1-0: Called Strike
1-1: Ball
2-1: Foul Ball, location: 2F
2-2: Fly out, F8 (Flyball, 8LXD)
Batting: RHB Bob Heller 0-0: Ball
1-0: Called Strike
1-1: Ball
2-1: Ball
3-1: Foul Ball, location: 2F
3-2: Foul Ball, location: 2F
3-2: Base on Balls
Pitching: RHP José Ramos
Batting: LHB Bartolo Benítez 0-0: Ball
1-0: Ball
2-0: Called Strike
2-1: Foul Ball, location: 2F
2-2: DOUBLE (Groundball, 3L)
Bob Heller to third
Batting: RHB Teruo Nakayama 0-0: Called Strike
0-1: Ball
1-1: Ground out 6-3 (Groundball, 6M)
Batting: SHB Ramiro Salazar 0-0: Ball
1-0: Ball
Passed Ball!
Bob Heller scores
Bartolo Benítez to third
2-0: Intentional Walk
Batting: LHB Francisco Ornelas 0-0: Ball
1-0: Foul Ball, location: 2F
1-1: Ball
2-1: Foul Ball, location: 2F
2-2: Foul Ball, location: 2F
2-2: Strikes out looking
Top of the 9th over - 1 run(s), 1 hit(s), 0 error(s), 2 left on base; Northern Virginia 1 - Thunder Bay 1
BOTTOM OF THE 9TH
Thunder Bay Northern Lions BC batting - Pitching for Northern Virginia Retrievers : RHP Cole Hall
Pitching: LHP Joe Kehoe
Batting: LHB Pancho García 0-0: Ball
1-0: Called Strike
1-1: Foul Ball, location: 2F
1-2: Fly out, F7 (Flyball, 78S)
Batting: RHB Robert O'Connor 0-0: Called Strike
0-1: Fly out, F8 (Line Drive, 8LS)
Pitching: LHP Ilie Paunescu
Batting: LHB Mike Blue 0-0: Called Strike
0-1: Fly out, F5 (Popup, 5DF)
Bottom of the 9th over - 0 run(s), 0 hit(s), 0 error(s), 0 left on base; Northern Virginia 1 - Thunder Bay 1
TOP OF THE 10TH
Northern Virginia Retrievers batting - Pitching for Thunder Bay Northern Lions BC : RHP José Ramos
Batting: SHB Gustavo Fuentes 0-0: Ball
1-0: Ground out 4-3 (Groundball, 4)
Batting: LHB Munemori Ohara 0-0: Called Strike
0-1: Ball
1-1: SINGLE (Groundball, 6M)
Batting: LHB Roberto Salazar 0-0: Ball
1-0: Called Strike
1-1: Swinging Strike
1-2: Ball
2-2: Fielders Choice at 2nd, 2-6 (Groundball, 2L)
Batting: LHB Chad Armstrong 0-0: Ball
1-0: Called Strike
Roberto Salazar steals 2nd base
1-1: Intentional Walk
Pitching: RHP Ted Thompson
Batting: RHB Bob Heller 0-0: Called Strike
0-1: Foul Ball, location: 2F
0-2: Foul Ball, location: 2F
0-2: Foul Ball, location: 2F
0-2: 3-RUN HOME RUN (Line Drive, 7LD), Distance : 384 ft
Batting: LHB Bartolo Benítez 0-0: Ball
1-0: Fly out, F8 (Flyball, 8LM)
Top of the 10th over - 3 run(s), 2 hit(s), 0 error(s), 0 left on base; Northern Virginia 4 - Thunder Bay 1
BOTTOM OF THE 10TH
Thunder Bay Northern Lions BC batting - Pitching for Northern Virginia Retrievers : LHP Ilie Paunescu
Pitching: RHP Woody Cook
Batting: RHB Ed Whitaker 0-0: Called Strike
0-1: Ball
1-1: Ball
2-1: Ball
3-1: Foul Ball, location: 2F
3-2: Foul Ball, location: 2F
3-2: Strikes out swinging
Batting: LHB Curtis Peters 0-0: Ball
1-0: Called Strike
1-1: SINGLE (Line Drive, 6D)
Batting: RHB Jonathan Cook 0-0: Called Strike
0-1: Ball
1-1: Ball
2-1: Swinging Strike
2-2: Ball
3-2: Strikes out looking
Batting: RHB Keith Fish 0-0: Called Strike
0-1: Foul Ball, location: 2F
0-2: Ground out U3 (Groundball, 3L)
Bottom of the 10th over - 0 run(s), 1 hit(s), 0 error(s), 1 left on base; Northern Virginia 4 - Thunder Bay 1
This league is powered by Out of the Park Baseball, the baseball management simulation game for PC, Mac and Linux
Friday, July 8th, 2016 - OOTP Baseball 16.9 Build 39